 Dungeon Crawl Stone Soup version 0.21-a0-229-g3587535 (webtiles) character file.

1689 Pippin the Vexing (level 8, -4/65 (66) HPs)
             Began as a Demigod Wanderer on Sept 1, 2017.
             Killed by divine providence
             ... invoked by an orc priest
              (14 damage)
             ... on level 6 of the Dungeon.
             The game lasted 00:30:05 (11652 turns).

Pippin the Vexing (Demigod Wanderer)               Turns: 11652, Time: 00:30:06

HP:   -4/65 (66)    AC:  8    Str: 16    XL:     8   Next: 43%
MP:   14/14         EV: 10    Int: 18    God:
Gold: 306           SH:  0    Dex: 16    Spells: 3/11 levels left

rFire    . . .     SeeInvis .   z - +1 dagger (venom)
rCold    + . .     Gourm    .   (no shield)
rNeg     . . .     Faith    .   b - +0 ring mail
rPois    +         Spirit   .   C - +0 helmet
rElec    .         Reflect  .   B - +0 cloak
rCorr    .         Harm     .   (no gloves)
MR       .....                  i - +0 pair of boots
Stlth    ++........             (no amulet)
HPRegen  0.20/turn              I - ring of protection from cold
MPRegen  0.14/turn              u - ring of poison resistance

@: no status effects
A: high mp 1
a: no special abilities


You were on level 6 of the Dungeon.
You were not hungry.

You visited 1 branch of the dungeon, and saw 6 of its levels.

You collected 306 gold pieces.

Inventory:

Hand Weapons
 s - a +0 trident
 z - a +1 dagger of venom (weapon)
Missiles
 m - a throwing net (quivered)
 t - 7 javelins
Armour
 b - a +0 ring mail (worn)
 c - a +2 scale mail of fire resistance
 i - a +0 pair of boots (worn)
 n - a +0 shield
 B - a +0 cloak (worn)
 C - a +0 helmet (worn)
Jewellery
 u - a ring of poison resistance (right hand)
 I - a ring of protection from cold (left hand)
Wands
 p - a wand of disintegration (8/24)
 w - a wand of enslavement (6/24)
 D - a wand of paralysis (6/24)
Scrolls
 k - a scroll of remove curse
 r - a scroll of teleportation
 x - a scroll of random uselessness {unknown}
 y - 2 scrolls of fog
 A - a scroll of magic mapping {unknown}
 E - a scroll of silence
 H - a scroll of noise {unknown}
Potions
 f - 2 potions of haste
 g - 2 potions of brilliance {unknown}
 h - a potion of curing
 l - 3 potions of flight
 v - a potion of ambrosia {unknown}
Books
 a - a book of Minor Magic

   Spells                             Type                      Level
   a - Magic Dart                     Conjuration                  1
   b - Blink                          Translocation                2
   c - Call Imp                       Summoning                    2
   d - Slow                           Hexes                        2
   e - Conjure Flame                  Conjuration/Fire             3
   f - Mephitic Cloud                 Conjuration/Poison/Air       3
 e - Sif Muna's Disquisition on Sinister Magic
   (You found it on level 5 of the Dungeon)

   Spells                             Type                      Level
   a - Animate Skeleton               Necromancy                   1
 q - a book of Maledictions

   Spells                             Type                      Level
   a - Corona                         Hexes                        1
   b - Ensorcelled Hibernation        Hexes/Ice                    2
   c - Confuse                        Hexes                        3
   d - Tukima's Dance                 Hexes                        3
   e - Dazzling Spray                 Conjuration/Hexes            3
Comestibles
 d - a bread ration
 j - 2 meat rations
 o - 2 royal jellies
 G - 12 fruits
 J - 7 chunks of flesh


   Skills:
 - Level 4.0 Fighting
 - Level 1.0 Armour
 - Level 4.0 Stealth
 - Level 4.2 Shields
 - Level 2.0 Spellcasting
 - Level 6.0 Hexes
 - Level 4.0 Necromancy
 + Level 1.0 Translocations
 - Level 3.1 Ice Magic


You had 3 spell levels left.
You knew the following spells:

 Your Spells              Type           Power        Failure   Level  Hunger
a - Blink                 Tloc           N/A          34%         2    ###....
b - Ensorcelled Hibernat  Hex/Ice        ###...       8%          2    ###....
c - Tukima's Dance        Hex            ###.....     9%          3    ###....
d - Animate Skeleton      Necr           N/A          6%          1    #......


Dungeon Overview and Level Annotations

Branches:
Dungeon (6/15)             Temple (0/1) D:6


Innate Abilities, Weirdness & Mutations

You have an increased reservoir of magic. (+10% MP)


Message History

You hit the orc priest.
The orc priest is poisoned.
The orc priest is lightly wounded.
The orc priest barely misses you.
You hit the orc priest but do no damage.
The orc priest looks even sicker.
The orc priest is lightly wounded.
The orc priest closely misses you.
You hit the orc priest.
The orc priest looks as sick as possible!
The orc priest is moderately wounded.
The orc priest hits you with a short sword.
* * * LOW HITPOINT WARNING * * *
You closely miss the orc priest.
The orc priest is heavily wounded.
The orc priest closely misses you.
You closely miss the orc priest.
The orc priest is heavily wounded.
The orc priest mumbles some strange prayers to Beogh against you.
Beogh smites you!
You die...

.# ### .#############
..)..#.......#
####.#.......#
#.#.......#
####.........######
.......#####......#
.......#####......#####
................@o....#
############......###.#
o# ##########.#
.#########...#)#
.#.ooooo.#.#.#=#
.#.#####)#.#...# # .#.#
#.#o###.# ###o###.#.#
#.......# .oo.oo..#.#
#####.#.#


You could see an orc priest.

Vanquished Creatures
  The ghost of loom the Shooter, an amateur CeHu (D:6)
  2 orc warriors (D:6)
  2 ice beasts
  A sky beast (D:6)
  A necrophage (D:6)
  2 centaurs
  An ogre (D:4)
  A scorpion (D:4)
  2 crimson imps (D:5)
  A hound (D:6)
  5 orc wizards
  Ijyb (D:3)
  An iguana (D:4)
  Natasha (D:3)
  2 worker ants
  Robin (D:4)
  3 gnolls (D:3)
  A howler monkey skeleton (D:5)
  13 adders
  A shadow imp (D:6)
  2 oozes
  An adder skeleton (D:5)
  3 worms
  A dart slug (D:3)
  4 leopard geckos
  13 orcs
  7 giant cockroaches
  15 goblins
  15 hobgoblins
  12 jackals
  2 quokkas (D:2)
  A ball python (D:2)
  11 bats
  A frilled lizard (D:1)
  A jackal zombie (D:6)
  8 kobolds
  A leopard gecko skeleton (D:5)
  A quokka zombie (D:6)
  6 rats
148 creatures vanquished.

Vanquished Creatures (others)
  A dancing weapon (D:6)
1 creature vanquished.

Grand Total: 149 creatures vanquished

Notes
Turn   | Place    | Note
-------+----------+-------------------------------------------
     0 | D:1      | Pippin the Demigod Wanderer began the quest for the Orb.
     0 | D:1      | Pippin set off with: a book of Minor Magic, a +0 ring mail, a potion of lignification, a +0 club, a +0 dagger, a bread ration
     0 | D:1      | Reached XP level 1. HP: 19/19 MP: 5/5
  1665 | D:2      | Reached XP level 2. HP: 18/27 MP: 7/7
  2269 | D:2      | Reached XP level 3. HP: 8/33 MP: 8/8
  2666 | D:2      | Found a radiant altar of Vehumet.
  2962 | D:2      | Found a faded altar of an unknown god.
  3384 | D:2      | Reached XP level 4. HP: 21/40 MP: 9/9
  3619 | D:2      | HP: 3/60 [poisoned by an adder]
  3921 | D:2      | Reached skill level 1 in Shields
  4309 | D:2      | Found a radiant altar of Vehumet.
  4346 | D:2      | Found a faded altar of an unknown god.
  4934 | D:3      | Noticed Ijyb
  5997 | D:3      | Killed Ijyb
  5997 | D:3      | Reached XP level 5. HP: 16/46 MP: 10/10
  6216 | D:3      | Found a hide-covered altar of Uskayaw.
  6253 | D:3      | Learned a level 2 spell: Blink
  6256 | D:3      | Learned a level 2 spell: Ensorcelled Hibernation
  6260 | D:3      | Learned a level 3 spell: Tukima's Dance
  7178 | D:3      | Found a shadowy altar of Dithmenos.
  7178 | D:3      | Found an opulent altar of Gozag.
  7178 | D:3      | Found an iron altar of Okawaru.
  7178 | D:3      | Noticed Natasha
  7191 | D:3      | Killed Natasha
  7682 | D:4      | Reached XP level 6. HP: 43/52 MP: 11/11
  7862 | D:4      | Reached skill level 1 in Hexes
  7968 | D:4      | Noticed Robin
  8015 | D:4      | Killed Robin
  8209 | D:4      | Reached skill level 2 in Hexes
  8837 | D:4      | Reached skill level 3 in Hexes
  9429 | D:4      | Reached XP level 7. HP: 54/59 MP: 13/13
  9441 | D:5      | Entered Level 5 of the Dungeon
  9555 | D:5      | Reached skill level 4 in Hexes
  9564 | D:5      | Found a shadowy altar of Dithmenos.
 10121 | D:5      | Reached skill level 5 in Hexes
 10183 | D:5      | Found an ancient bone altar of Kikubaaqudgha.
 10295 | D:5      | Found a deep blue altar of Sif Muna.
 10479 | D:5      | Reached skill level 1 in Ice Magic
 10485 | D:5      | Identified Sif Muna's Disquisition on Sinister Magic
 10509 | D:6      | Found a shattered altar of Ashenzari.
 10562 | D:6      | Learned a level 1 spell: Animate Skeleton
 10910 | D:6      | Noticed loom's ghost (amateur CeHu)
 10925 | D:6      | Killed loom's ghost
 10925 | D:6      | Reached skill level 6 in Hexes
 10925 | D:6      | Reached XP level 8. HP: 61/65 MP: 12/14
 10993 | D:6      | Reached skill level 1 in Necromancy
 11111 | D:6      | Found a staircase to the Ecumenical Temple.
 11652 | D:6      | Killed from afar by an orc priest

Vault maps used:
D:1:      kennysheep_arrival_forest
D:2:      old_standard_altar, chequers_ecumenical_altar_simple_redux
D:3:      marbit_many_paths, nicolae_overflow_hidden_temple,
          lemuel_doored_altar, uniq_ijyb, uniq_natasha
D:4:      uniq_robin
D:5:      overflow_temple_1_default, basic_altar, first_bread, led_sif_book
D:6:      ashenzari_altar_1, minmay_temple_entry_trees, dk_vineyard_2,
          minmay_misc_feat_encased, corexii_corridor_pit

Skill      XL: |  1  2  3  4  5  6  7  8 |
---------------+-------------------------+-----
Fighting       | 4 |  4.0
Stealth        | 2 3 4 |  4.0
Shields        | 2 4 |  4.2
Spellcasting   | 2 |  2.0
Hexes          | 3 6 |  6.0
Ice Magic      | 3 |  3.1
Necromancy     | 4 |  4.0
Armour         | |  1.0
Translocations | |  1.0

Action                   |  1- 3 |  4- 6 |  7- 9 || total
-------------------------+-------+-------+-------++-------
Melee: Club              |   211 |   251 |       ||   462
       Trident           |       |   162 |    47 ||   209
       Dagger            |       |    43 |   176 ||   219
 Cast: Tukima's Dance    |       |       |     3 ||     3
       Blink             |       |       |     1 ||     1
       Animate Skeleton  |       |       |     2 ||     2
Evoke: Wand              |       |       |     7 ||     7
  Use: Potion            |       |     5 |     1 ||     6
       Scroll            |       |     2 |     5 ||     7
 Stab: Sleeping          |     3 |    10 |     3 ||    16
       Distracted        |     1 |     1 |       ||     2
       Paralysed         |       |       |     9 ||     9
  Eat: Chunk             |     8 |    13 |     6 ||    27
       Bread ration      |       |     2 |       ||     2
Armor: Ring mail         |    77 |   165 |    69 ||   311
       Skin              |       |     3 |       ||     3
Dodge: Dodged            |   125 |   160 |    82 ||   367
Block: Shield            |       |   248 |    28 ||   276

Table legend:
 A = Spawn XP
 B = Non-spawn XP
 C = Spawn XP percentage of total XP
 D = Spawn monster count
 E = Non-spawn monster count
 F = Spawn count percentage of total count
 G = Total turns spent on level
                    A         B        C        D         E        F      G
               +---------+---------+-------+---------+---------+-------+---------
         Total |     450 |    1963 |  18.6 |      46 |     102 |  31.1 | 11652
               +---------+---------+-------+---------+---------+-------+---------
           D:1 |       7 |       7 |  50.0 |       5 |       5 |  50.0 |  1615
           D:2 |      54 |     134 |  28.7 |      25 |      23 |  52.1 |  4468
           D:3 |       1 |     184 |   0.5 |       1 |      22 |   4.3 |  1307
           D:4 |     261 |     225 |  53.7 |       8 |      20 |  28.6 |  2051
           D:5 |      38 |     367 |   9.4 |       3 |      15 |  16.7 |  1057
           D:6 |      89 |    1046 |   7.8 |       4 |      17 |  19.0 |  1154
               +---------+---------+-------+---------+---------+-------+---------
